 Dungeon Crawl Stone Soup version 0.30-a0-956-gcec3b41aec (webtiles) character file.

Game seed: 1807843864071286123

81 BlueFish the Grasshopper (level 4, 0/30 HPs)
             Began as an Octopode Warper on Mar 30, 2023.
             Slain by a goblin
             ... wielding a +0 club
             ... led by Robin
              (2 damage)
             ... on level 3 of the Dungeon.
             The game lasted 00:04:21 (1848 turns).

BlueFish the Grasshopper (Octopode Warper)          Turns: 1848, Time: 00:04:22

Health: 0/30       AC:  1    Str: 12    XL:     4   Next: 40%
Magic:  7/7        EV: 13    Int: 15    God:
Gold:   155        SH:  0    Dex: 11    Spells: 7/7 levels left

rFire   . . .      SeeInvis +    j - +2 whip (elec)
rCold   . . .      Faith    +    (no shield)
rNeg    . . .      Spirit   .    (helmet restricted)
rPois   .          Reflect  .    u - amulet of faith
rElec   .          Rampage  .    n - ring of see invisible
rCorr   .                        (no ring)
Will    .....                    (no ring)
Stlth   +++                      (no ring)
HPRegen 0.25/turn                (no ring)
MPRegen 0.10/turn                (no ring)
                                 (no ring)
                                 (no ring)

@: no status effects
A: almost no armour, amphibious, 8 rings, camouflage 1, gelatinous body 1,
(nimble swimmer 1), tentacles
a: no special abilities


You were on level 3 of the Dungeon.
You visited 1 branch of the dungeon, and saw 3 of its levels.

You collected 155 gold pieces.

Inventory:

Hand Weapons
 j - a +2 whip of electrocution (weapon)
Missiles
 b - 2 boomerangs of dispersal (quivered)
 o - 18 stones
 r - 8 poisoned darts
 s - 6 javelins
Jewellery
 n - a ring of see invisible (left tentacle)
 u - an amulet of faith (around mantle)
Scrolls
 a - 2 scrolls of blinking
 c - 2 scrolls of immolation {unknown}
 e - 2 scrolls of identify {unknown}
 k - 2 scrolls of amnesia {unknown}
 l - a scroll of teleportation {unknown}
 m - a scroll of fear {unknown}
 p - a scroll of vulnerability {unknown}
 q - a scroll of enchant weapon {unknown}
Potions
 d - a potion of degeneration {unknown}
 f - a potion of mutation {unknown}
 g - 2 potions of heal wounds {unknown}
 h - 2 potions of brilliance {unknown}
 i - a potion of curing {unknown}
 t - a potion of resistance {unknown}


   Skills:
 + Level 2.3 Fighting
 * Level 1.1 Maces & Flails
 + Level 1.8 Throwing
 + Level 2.7 Dodging
 * Level 2.5 Stealth
 - Level 2.0 Unarmed Combat
 + Level 2.3 Spellcasting
 + Level 3.2 Translocations


You had 7 spell levels left.
You didn't know any spells.
Your spell library contained the following spells:

 Spells                   Type           Power      Damage    Failure   Level
 Blink                    Tloc           22%        N/A       9%          2
 Lesser Beckoning         Tloc           22%        N/A       9%          2
 Momentum Strike          Conj/Tloc      12%        3d8       17%         2
 Teleport Other           Tloc           11%        N/A       17%         3
 Magic Dart               Conj           4%         1d3       22%         1
 Searing Ray              Conj           2%         2d4       32%         2
 Vhi's Electric Charge    Tloc/Air       12%        N/A       32%         3
 Manifold Assault         Tloc           11%        N/A       50%         4
 Passage of Golubria      Tloc           11%        N/A       50%         4
 Fulminant Prism          Conj/Hex       0%         3d5       91%         4
 Silence                  Hex/Air        0%         N/A       99%         5
 Lehudib's Crystal Spear  Conj/Erth      0%         10d2      100%        8


Dungeon Overview and Level Annotations

Branches:
Dungeon (3/15)

Altars:

Annotations:
D:3 Robin


Innate Abilities, Weirdness & Mutations

You cannot wear most types of armour.
You are amphibious.
You can wear up to eight rings at the same time.
Your skin changes colour to match your surroundings (Stealth+).
Your rubbery body absorbs attacks. (AC +1, EV +1)
((You are camouflaged when in or above water. (Stealth+)))
You have tentacles for arms and can constrict up to eight enemies at once.


Message History

A goblin is wielding a +0 dagger of electrocution.
Robin throws the goblin at you! The goblin hits you with a +0 club.
The goblin misses you. The goblin barely misses you.
You barely miss the goblin. You grab the goblin. You squeeze the goblin.
The goblin is moderately wounded.
You constrict the goblin. The goblin barely misses you.
The goblin closely misses you. The goblin barely misses you.
You hit the goblin but do no damage.
The goblin is heavily wounded.
You constrict the goblin, but do no damage.
The goblin closely misses you. The goblin barely misses you.
The goblin hits you with a +0 club. The goblin hits you with a +0 dagger.
You hit the goblin.
You kill the goblin!
The goblin closely misses you. The goblin hits you with a +0 club.
The goblin misses you.
You barely miss the hobgoblin. You grab the hobgoblin.
You squeeze the hobgoblin.
The hobgoblin is almost dead.
You constrict the hobgoblin.
You kill the hobgoblin!
The goblin hits you with a +0 club. The goblin closely misses you. x2
You barely miss the hobgoblin. Your grab misses the hobgoblin.
Robin throws the goblin at you! The goblin hits you with a +0 club.
The goblin misses you. The goblin hits you with a +0 club.
The hobgoblin barely misses you. The goblin closely misses you.
You closely miss the hobgoblin. You grab the hobgoblin.
You squeeze the hobgoblin.
The hobgoblin is moderately wounded.
You constrict the hobgoblin. Robin barely misses you.
The goblin barely misses you. The goblin hits you but does no damage.
The goblin hits you with a +0 club.
* * * LOW HITPOINT WARNING * * *
The goblin hits you but does no damage. The hobgoblin barely misses you. x2
Robin hits you from afar with a +0 spear.
* * * LOW HITPOINT WARNING * * *
The goblin misses you. The goblin hits you with a +0 club.
* * * LOW HITPOINT WARNING * * *
The goblin hits you with a +0 club.
You die...

#.# +.. #
#.#####..
#######........
#..............
+.....gggg.....
#.....gggg.....
#.....g@#
#.....gg# #
####.......# .#
............#
##.#.............#
...#.####+###.####
.#....#....##'####
...#..#....+.....#
......#....#.....#


You could see Robin, 2 hobgoblins and 8 goblins.

Vanquished Creatures
  2 adders (D:3)
  A dart slug (D:1)
  7 ball pythons
  3 endoplasms
  5 giant cockroaches
  7 goblins
  6 hobgoblins
  2 jackals (D:2)
  5 kobolds
  A quokka (D:1)
  4 bats
  3 frilled lizards (D:2)
  9 rats
55 creatures vanquished.

Notes
Turn   | Place    | Note
-------+----------+-------------------------------------------
     0 | D:1      | BlueFish the Octopode Warper began the quest for the Orb.
     0 | D:1      | Reached XP level 1. HP: 14/14 MP: 3/3
   212 | D:1      | Reached XP level 2. HP: 17/19 MP: 5/5
   240 | D:1      | Reached skill level 1 in Stealth
   525 | D:1      | Reached XP level 3. HP: 24/24 MP: 6/6
  1740 | D:3      | Reached XP level 4. HP: 20/29 MP: 7/7
  1809 | D:3      | Reached skill level 1 in Maces & Flails
  1842 | D:3      | Noticed Robin
  1848 | D:3      | Slain by a goblin

Illustrated notes

Levels and vault maps discovered:
D:1:      lightli_arrival_maybe_door_vault, layout_rooms, minmay_tripent
D:2:      layout_basic
D:3:      layout_basic, minitemple, uniq_robin

Skill      XL: |  1  2  3  4 |
---------------+-------------+-----
Stealth        | 1 2 |  2.5
Maces & Flails | 1 |  1.1
Fighting       | |  2.3
Throwing       | |  1.8
Dodging        | |  2.7
Unarmed Combat | |  2.0
Spellcasting   | |  2.3
Translocations | |  3.2

Action                     |  1- 3 |  4- 6 || total
---------------------------+-------+-------++-------
  Melee: Club              |    38 |       ||    38
         Constrict         |    30 |     5 ||    35
         Unarmed           |     2 |       ||     2
         Tentacles         |    16 |     4 ||    20
         Punch             |     2 |       ||     2
         Whip              |    54 |    12 ||    66
  Throw: Boomerang         |     5 |       ||     5
   Stab: Sleeping          |     8 |       ||     8
         Distracted        |     1 |       ||     1
 Armour: Skin              |     9 |     3 ||    12
  Dodge: Dodged            |    73 |    20 ||    93

Table legend: (Time is in decaauts)
 A = Elapsed time spent in this place.
 B = Non-inter-level travel time spent in this place.
 C = Inter-level travel time spent in this place.
 D = Time resting spent in this place.
 E = Time spent auto-exploring this place.
 F = Levels seen in this place.
 G = Mean time per level.
                   A        B        C        D        E       F      G
               +--------+--------+--------+--------+--------+-----+--------+
         Total |   1863 |   1818 |     45 |      0 |   1143 |   3 |  621.0 |
       Dungeon |   1863 |   1818 |     45 |      0 |   1143 |   3 |  621.0 |
               +--------+--------+--------+--------+--------+-----+--------+

Top non-repeatable levels by time:
     D:2: 947 daAuts
     D:1: 734 daAuts
     D:3: 181 daAuts
